[Event "*** Titled Tuesday Blitz"]
[Site "Chess.com"]
[Date "2018.11.06"]
[Round "2"]
[White "biostatistician"]
[Black "JosefineHeinemann"]
[Result "1-0"]
[WhiteElo "2648"]
[BlackElo "2351"]
[TimeControl "180+2"]
[EndTime "13:15:43 PST"]
[Termination "biostatistician won by resignation"]

1. d4 Nf6 2. Nf3 g6 3. c4 Bg7 4.
Nc3 d5 5. cxd5 Nxd5 6. e4 Nxc3 7. bxc3 c5 8. Be3 Nc6 9. Rc1 cxd4 10. cxd4 Qa5+ 11. Qd2 Qxd2+ 12. Kxd2 O-O 13. d5 Rd8 14. Ke1 Na5 15. Bg5 Kf8 16. Bd3 h6 17. Bd2 f5 18.
Bxa5 b6 19. Bb4 fxe4 20. Bxe4 Bf5 21. Bxf5 gxf5 22. Rc7 Bf6 23. d6 exd6 24. Kd2 a5 25.
Bc3 Bxc3+ 26. Rxc3 b5 27. Nd4 b4 28. Rc7 Re8 29. Nxf5 Re6 30. Re1 Rae8 31. Rxe6 Rxe6 32.
Ra7 Rf6 33. g4 h5 34. h3 hxg4 35. hxg4 1-0

[Event "*** Titled Tuesday Blitz"]
[Site "Chess.com"]
[Date "2018.11.06"]
[Round "2"]
[White "David_Paravyan"]
[Black "PrascaR"]
[Result "0-1"]
[WhiteElo "2769"]
[BlackElo "2546"]
[TimeControl "180+2"]
[EndTime "13:15:50 PST"]
[Termination "PrascaR won by resignation"]

1. d4 d5 2. c4 c6 3. Nf3 Nf6 4. h3 a6 5. e3 g6 6. Be2 Bg7 7. O-O O-O 8. Nbd2 b5 9. cxd5 cxd5 10. Nb3 Nbd7 11. Bd2 Bb7 12. Na5 Rb8 13. Rc1 Re8 14.
Bb4 Ne4 15. Qe1 e5 16. Nxb7 Rxb7 17. dxe5 Nxe5 18. Nd4 Rc7 19. Qd1 0-1

[Event "*** Titled Tuesday Blitz"]
[Site "Chess.com"]
[Date "2018.11.06"]
[Round "2"]
[White "norwaytoadog"]
[Black "DawidCzerw"]
[Result "0-1"]
[WhiteElo "2149"]
[BlackElo "2240"]
[TimeControl "180+2"]
[EndTime "13:16:08 PST"]
[Termination "DawidCzerw won by resignation"]

1. e4 c5 2. Nf3 g6 3. d4 cxd4 4. Qxd4 Nf6 5. e5 Nc6 6. Qh4 Nxe5 7. Nxe5 Qa5+ 8. Nc3 Qxe5+ 9. Be2 Bg7 10. Bf4 Qa5 11. O-O-O O-O 12. Bh6 d6 13. g4 Bxh6+ 14. Qxh6 Bxg4 15. Bxg4 Nxg4 16. Rd4 Nxh6 0-1

[Event "*** Titled Tuesday Blitz"]
[Site "Chess.com"]
[Date "2018.11.06"]
[Round "2"]
[White "penguingm1"]
[Black "saikrishnaReturns"]
[Result "1-0"]
[WhiteElo "2841"]
[BlackElo "2614"]
[TimeControl "180+2"]
[EndTime "13:16:17 PST"]
[Termination "penguingm1 won by resignation"]

1. d4 Nf6 2. c4 g6 3. f3 Bg7 4. e4 c5 5. d5 d6 6. Nc3 e5 7. Bg5 h6 8. Be3 Nh5 9. Qd2 f5 10. exf5 gxf5 11. Bd3 Qh4+ 12. g3 Qf6 13. Nge2 Na6 14.
O-O-O Bd7 15. g4 f4 16. Bf2 Nb4 17. gxh5 Nxd3+ 18. Qxd3 Bf5 19. Ne4 Qe7 20. Nxd6+ 1-0

[Event "*** Titled Tuesday Blitz"]
[Site "Chess.com"]
[Date "2018.11.06"]
[Round "2"]
[White "KamilPlichta"]
[Black "GCamachoMartinez"]
[Result "0-1"]
[WhiteElo "2591"]
[BlackElo "2319"]
[TimeControl "180+2"]
[EndTime "13:16:21 PST"]
[Termination "GCamachoMartinez won by resignation"]

1. d4 d5 2. c4 dxc4 3. e4 Nf6 4. e5 Nd5 5. Bxc4 Nb6 6. Bd3 Nc6 7. Ne2 Bg4 8. f3 Bh5 9. Nbc3 e6 10. Be3 Bg6 11.
h4 Bxd3 12. Qxd3 Nxe5 13. Qb5+ Nc6 14. h5 a6 15. Qb3 h6 16. d5 Nxd5 17. Nxd5 exd5 18.
Qxb7 Na5 19. Qxa8 Qxa8 20. Rd1 Bb4+ 21. Kf2 Nc4 22. Bd4 O-O 23. Ng3 c5 24. Be3 Nxe3 25.
Kxe3 d4+ 26. Kf2 Re8 27. Ne4 Rxe4 28. fxe4 Qxe4 29. Rh3 Qc2+ 0-1

[Event "*** Titled Tuesday Blitz"]
[Site "Chess.com"]
[Date "2018.11.06"]
[Round "2"]
[White "TigranLPetrosyan"]
[Black "Alliswell998"]
[Result "1-0"]
[WhiteElo "2820"]
[BlackElo "2557"]
[TimeControl "180+2"]
[EndTime "13:16:47 PST"]
[Termination "TigranLPetrosyan won by resignation"]

1. Nf3 c5 2. g3 b6 3. Bg2 Bb7 4. O-O e6 5. d3 Nf6 6. e4 Be7 7.
e5 Nd5 8. c4 Nb4 9. Nc3 O-O 10.
Re1 a6 11. a3 N4c6 12. h4 Qc7 13. Bf4 Nd4 14. Nxd4 cxd4 15. Bxb7 Qxb7 16. Ne4 Nc6 17. Qg4 Rfd8 18. h5 Kh8 19. h6 Bf8 20. hxg7+ Bxg7 21.
Nd6 Qc7 22. Bh6 1-0

[Event "*** Titled Tuesday Blitz"]
[Site "Chess.com"]
[Date "2018.11.06"]
[Round "2"]
[White "Mr_Penings"]
[Black "MikaelyanArman"]
[Result "0-1"]
[WhiteElo "2521"]
[BlackElo "2733"]
[TimeControl "180+2"]
[EndTime "13:16:50 PST"]
[Termination "MikaelyanArman won by resignation"]

1. c4 Nf6 2. Nc3 g6 3. g3 Bg7 4. Bg2 O-O 5. e4 d6 6. Nge2 c5 7. O-O Nc6 8. d3 Ne8 9. h3 Nc7 10. Be3 Ne6 11. Qd2 Ned4 12. f4 Rb8 13. Rae1 b5 14. b3 b4 15. Nd1 Nxe2+ 16. Rxe2 Nd4 17. Ref2 f5 18. Kh2 a5 19. Nb2 Bd7 20. Re1 e6 21.
Bxd4 Bxd4 22. Rfe2 Bc3 23. Qxc3 bxc3 0-1

[Event "*** Titled Tuesday Blitz"]
[Site "Chess.com"]
[Date "2018.11.06"]
[Round "2"]
[White "tactics321"]
[Black "DrRiebert"]
[Result "1-0"]
[WhiteElo "2324"]
[BlackElo "2399"]
[TimeControl "180+2"]
[EndTime "13:16:51 PST"]
[Termination "tactics321 won by resignation"]

1. e4 c5 2. Nf3 Nc6 3. d4 cxd4 4. Nxd4 g6 5. c4 Nf6 6. Nc3 d6 7. Be2 Nxd4 8. Qxd4 Bg7 9. Be3 O-O 10. Qd2 a5 11. f3 a4 12. Rd1 Qa5 13. Kf2 Be6 14.
Nd5 Nxd5 15. cxd5 Bd7 16. Qxa5 Rxa5 17. Rc1 b5 18. Rc7 Rd8 19. Rb7 Raa8 20. Rc1 Bxb2 21. Rcc7 Be8 22. Bxb5 Bxb5 23. Rxb5 Bf6 24. g4 Rac8 25.
Rbb7 Bg5 26. Bxg5 1-0

[Event "*** Titled Tuesday Blitz"]
[Site "Chess.com"]
[Date "2018.11.06"]
[Round "2"]
[White "nOcHeaTiNgKiD"]
[Black "TheRigos"]
[Result "0-1"]
[WhiteElo "2453"]
[BlackElo "2407"]
[TimeControl "180+2"]
[EndTime "13:17:04 PST"]
[Termination "TheRigos won by resignation"]

1. Nf3 Nf6 2. g3 g6 3. b3 Bg7 4. Bb2 O-O 5. Bg2 d6 6. d4 a5 7. O-O a4 8. b4 Nc6 9. a3 e5 10. dxe5 Ng4 11. c4 Ngxe5 12. Qc2 Bf5 13. e4 Bxe4 14. Qxe4 Nxf3+ 15. Bxf3 Bxb2 16. Ra2 Re8 17. Qd5 Qf6 18. Nd2 Nd4 19. Bg2 c6 20. Ne4 Ne2+ 21.
Kh1 cxd5 22. Nxf6+ Bxf6 23. Bxd5 Nc3 0-1

[Event "*** Titled Tuesday Blitz"]
[Site "Chess.com"]
[Date "2018.11.06"]
[Round "2"]
[White "PaulfromSPb"]
[Black "Boorchess"]
[Result "1-0"]
[WhiteElo "2513"]
[BlackElo "2443"]
[TimeControl "180+2"]
[EndTime "13:17:30 PST"]
[Termination "PaulfromSPb won by resignation"]

1. e4 e5 2. Nf3 Nc6 3. Bb5 a6 4. Ba4 Nf6 5. O-O b5 6. Bb3 Bb7 7. Re1 Bc5 8. h3 O-O 9. Nc3 Ne7 10. d3 Ng6 11. Be3 Bxe3 12. fxe3 d5 13. exd5 Nxd5 14. Nxd5 Bxd5 15. e4 Bxb3 16. axb3 c6 17. Qd2 f6 18.
Qe3 a5 19. Ra2 Qc7 20. Rea1 Rfd8 21. Kh1 Nf4 22. Qe1 b4 23. Qe3 Ne6 24. Nd2 Nd4 25.
Rc1 Qf7 26. Nc4 Qc7 27. Qf2 Ra6 28. Rca1 Rda8 29. Ne3 Qd8 30. Nf5 Ne6 31. Qg3 g6 32. Ne3 Qd4 33. Nc4 Qc5 34. Qf3 Kg7 35. Rf1 Qe7 36. Rfa1 Nd4 37. Qf2 Qc5 38. Rf1 Rf8 39. Rfa1 Nxb3 40. Qxc5 Nxc5 41. Rxa5 Rfa8 42. b3 Rxa5 43.
Rxa5 Na6 44. Nb6 Ra7 45. Na4 Ra8 46. Nc5 Nc7 47. Rxa8 Nxa8 48. Na6 Nc7 49. Nxc7 1-0

[Event "*** Titled Tuesday Blitz"]
[Site "Chess.com"]
[Date "2018.11.06"]
[Round "2"]
[White "sandager"]
[Black "narutosmith"]
[Result "1-0"]
[WhiteElo "2124"]
[BlackElo "2203"]
[TimeControl "180+2"]
[EndTime "13:17:34 PST"]
[Termination "sandager won by checkmate"]

1. e4 c5 2. Nf3 e6 3. d4 cxd4 4. Nxd4 Nc6 5. Nc3 Qc7 6. Be3 a6 7. Be2 Nf6 8. O-O h5 9. f4 d6 10.
Bf3 Bd7 11. Qe2 Rc8 12. Rad1 Ng4 13. Bxg4 hxg4 14. Nxc6 Bxc6 15. Qxg4 b5 16. a3 Qb7 17. f5 e5 18. f6 g6 19. Rd2 b4 20. Nd5 Bxd5 21.
exd5 bxa3 22. bxa3 Qb5 23. Qxc8# 1-0

[Event "*** Titled Tuesday Blitz"]
[Site "Chess.com"]
[Date "2018.11.06"]
[Round "2"]
[White "ShadyH9"]
[Black "Ramosha"]
[Result "0-1"]
[WhiteElo "2279"]
[BlackElo "2471"]
[TimeControl "180+2"]
[EndTime "13:17:35 PST"]
[Termination "Ramosha won by resignation"]

1. d4 e6 2. c4 d5 3. Nf3 Nf6 4. g3 Be7 5. Bg2 O-O 6. Nc3 dxc4 7. Ne5 Nc6 8. Bxc6 bxc6 9. Nxc6 Qe8 10. Nxe7+ Qxe7 11. Qa4 c5 12. dxc5 Qxc5 13. Be3 Qc7 14. O-O-O Bd7 15.
Qa3 Bc6 16. f3 Nd5 17. Bd4 Rfd8 18. Nxd5 Rxd5 19. Bc3 Rad8 20. Rxd5 Rxd5 21. Rd1 Rxd1+ 22. Kxd1 Qb6 23. Qd6 Ba4+ 0-1

[Event "*** Titled Tuesday Blitz"]
[Site "Chess.com"]
[Date "2018.11.06"]
[Round "2"]
[White "Godzillator"]
[Black "Zq1"]
[Result "0-1"]
[WhiteElo "2374"]
[BlackElo "2494"]
[TimeControl "180+2"]
[EndTime "13:17:40 PST"]
[Termination "Zq1 won by checkmate"]

1. d4 Nf6 2. c4 a6 3. Nc3 c5 4. d5 b5 5. cxb5 axb5 6. Nxb5 Qa5+ 7. Nc3 Bb7 8. Bd2 Qb6 9. e4 e6 10. dxe6 fxe6 11. f3 Be7 12. Bd3 O-O 13. Nge2 d5 14. exd5 exd5 15. Qb1 c4 16. Bf5 d4 17. Ne4 Nxe4 18.
Bxe4 d3 19. Nc3 Bc5 20. Bxb7 Qxb7 21. Ne4 Re8 22. Kf1 Rxe4 23. fxe4 Nd7 24. Ke1 Qxe4+ 25. Kd1 Qe2+ 26. Kc1 Be3 27. Rd1 Rf8 28. b4 Rf1 29. Rxf1 Qxd2# 0-1

[Event "*** Titled Tuesday Blitz"]
[Site "Chess.com"]
[Date "2018.11.06"]
[Round "2"]
[White "xavielhumilde_1999"]
[Black "Supernotar"]
[Result "1-0"]
[WhiteElo "2269"]
[BlackElo "2351"]
[TimeControl "180+2"]
[EndTime "13:17:43 PST"]
[Termination "xavielhumilde_1999 won by resignation"]

1. e4 c6 2. d4 d5 3. e5 Bf5 4. Nf3 e6 5. Be2 Nd7 6. O-O h6 7. Nbd2 Ne7 8. Nb3 Qc7 9. a4 g5 10. Ne1 Bg7 11. f4 O-O-O 12. Nd3 f6 13. Ndc5 Nxc5 14.
Nxc5 gxf4 15. exf6 Bxf6 16. Bxf4 e5 17. Bg3 Rhg8 18.
a5 Rxg3 19. hxg3 exd4 20. Bg4 Bg5 21. Bxf5+ Nxf5 22. Rxf5 Be3+ 23. Kh2 Rg8 24. Qf3 Qe7 25. b4 Rg5 26. Rf8+ Kc7 27. Rf7 Kd8 28. Rxe7 Kxe7 29. Rf1 1-0

[Event "*** Titled Tuesday Blitz"]
[Site "Chess.com"]
[Date "2018.11.06"]
[Round "2"]
[White "ozates"]
[Black "Artooooo"]
[Result "0-1"]
[WhiteElo "2318"]
[BlackElo "2741"]
[TimeControl "180+2"]
[EndTime "13:17:58 PST"]
[Termination "Artooooo won by resignation"]

1. e4 e6 2. d4 d5 3. Nc3 Nf6 4.
Bg5 Be7 5. exd5 exd5 6. Bd3 Nc6 7. Nge2 Nb4 8. O-O O-O 9. Ng3 Nxd3 10. Qxd3 Re8 11.
Rfe1 Be6 12. Nf5 Bf8 13. Qf3 Bxf5 14. Rxe8 Qxe8 15. Bxf6 Bxc2 16. Rc1 Bg6 17. Nxd5 Be4 18. Nxc7 Bxf3 19. Nxe8 Rxe8 20. Be5 Bd5 21. b3 f6 22. Bf4 Ba3 0-1

[Event "*** Titled Tuesday Blitz"]
[Site "Chess.com"]
[Date "2018.11.06"]
[Round "2"]
[White "Atanejhad"]
[Black "paladin_ll"]
[Result "1-0"]
[WhiteElo "2227"]
[BlackElo "2158"]
[TimeControl "180+2"]
[EndTime "13:18:02 PST"]
[Termination "Atanejhad won by resignation"]

1. d4 Nf6 2. c4 e6 3. Nf3 b6 4. g3 Bb7 5. Bg2 Bb4+ 6. Bd2 Bxd2+ 7. Nbxd2 O-O 8. O-O d6 9. Qc2 Nbd7 10. e4 e5 11. d5 a5 12. b3 Nc5 13. a3 Bc8 14. h3 Bd7 15. b4 axb4 16. axb4 Nb7 17. Nb3 Ba4 18.
Nfd2 g6 19. Qc3 Bxb3 20. Nxb3 Qd7 21. c5 bxc5 22. bxc5 Qb5 23. c6 Nc5 24. Nxc5 Qxc5 25. Qxc5 dxc5 26. Rxa8 Rxa8 27. Rc1 Ra5 28. d6 cxd6 29.
c7 Ra8 30. Rb1 Kg7 31. Rb8 Ra1+ 32. Kh2 1-0

[Event "*** Titled Tuesday Blitz"]
[Site "Chess.com"]
[Date "2018.11.06"]
[Round "2"]
[White "mikhaillushenkov"]
[Black "Markov_Mikhail"]
[Result "1-0"]
[WhiteElo "2667"]
[BlackElo "2700"]
[TimeControl "180+2"]
[EndTime "13:18:04 PST"]
[Termination "mikhaillushenkov won by resignation"]

1. Nf3 Nf6 2. c4 e6 3. g3 d5 4. Bg2 Be7 5. O-O O-O 6. b3 Nbd7 7. Bb2 c5 8. e3 b6 9. Qe2 Bb7 10. Rd1 Rc8 11. Nc3 Qc7 12. Rac1 Qb8 13. d3 Rfd8 14. h3 a6 15. cxd5 Nxd5 16. Nxd5 Bxd5 17. d4 b5 18. e4 Bb7 19. d5 exd5 20. exd5 Bf8 21. Ng5 Qd6 22. Nxf7 Kxf7 23. Qe6+ Qxe6 24. dxe6+ Kxe6 25. Bxb7 Rb8 26. Bd5+ Ke7 27. Re1+ Kd6 28. Rcd1 Kc7 29.
Re6 Rb6 30. Kg2 Rxe6 31. Bxe6 Nf6 32. Be5+ Bd6 33. Bc3 Be7 34. Ba5+ 1-0

[Event "*** Titled Tuesday Blitz"]
[Site "Chess.com"]
[Date "2018.11.06"]
[Round "2"]
[White "Kouzari"]
[Black "Caminator2000"]
[Result "1-0"]
[WhiteElo "2574"]
[BlackElo "2300"]
[TimeControl "180+2"]
[EndTime "13:18:14 PST"]
[Termination "Kouzari won by resignation"]

1. d4 b5 2. e4 a6 3. a4 Bb7 4.
Nd2 b4 5. Bd3 e6 6. Ngf3 Nf6 7.
O-O d5 8. e5 Nfd7 9. Re1 c5 10.
c3 c4 11. Bb1 Nc6 12. Nf1 Be7 13. Ng3 bxc3 14. bxc3 Qc7 15. Ng5 h6 16. Nh3 Na5 17. Nh5 g6 18. N5f4 O-O-O 19. Bxg6 fxg6 20. Nxe6 Qc6 21. Nxd8 Bxd8 22. Nf4 g5 23. Nh5 Nb3 24. Ra2 Nf8 25. Ba3 Ne6 26. Qg4 Kb8 27. Bd6+ Ka7 28. Qxe6 1-0

[Event "*** Titled Tuesday Blitz"]
[Site "Chess.com"]
[Date "2018.11.06"]
[Round "2"]
[White "2Tilted"]
[Black "Oneofmyturns"]
[Result "1-0"]
[WhiteElo "2418"]
[BlackElo "2503"]
[TimeControl "180+2"]
[EndTime "13:18:21 PST"]
[Termination "2Tilted won by resignation"]

1. d4 Nf6 2. c4 g6 3. Nc3 d5 4. Nf3 Bg7 5. Qb3 dxc4 6. Qxc4 a6 7. e4 O-O 8. e5 b5 9. Qb3 Nfd7 10. e6 fxe6 11. Be3 Nb6 12. h4 c5 13. dxc5 Nd5 14.
Rd1 Bb7 15. h5 Qe8 16. Nxd5 exd5 17. Rxd5 e6 18. Rd6 Kh8 19. Rxe6 Qd7 20. Rd6 Qe8 21. hxg6 h6 22. Be2 Bxf3 23. gxf3 Qe5 24. Bxh6 Bxh6 25. Rxh6+ 1-0

[Event "*** Titled Tuesday Blitz"]
[Site "Chess.com"]
[Date "2018.11.06"]
[Round "2"]
[White "mishanick"]
[Black "chessdjw"]
[Result "1-0"]
[WhiteElo "2925"]
[BlackElo "2585"]
[TimeControl "180+2"]
[EndTime "13:18:25 PST"]
[Termination "mishanick won by resignation"]

1. d4 Nf6 2. c4 e6 3. Nf3 d5 4. Nc3 Bb4 5. Bg5 h6 6. Bxf6 Qxf6 7. e3 O-O 8. Rc1 dxc4 9. Bxc4 c5 10. O-O cxd4 11. Ne4 Qe7 12. a3 Ba5 13. Qxd4 Rd8 14. Qe5 Bb6 15. Qh5 Nd7 16. Rfd1 Nf6 17. Qh4 Bd7 18.
Ne5 Ba4 19. b3 Be8 20. Ng4 Nd5 21. Nxh6+ gxh6 22. Qxh6 Qf8 23. Qh4 Qg7 24. Bxd5 exd5 25.
Nf6+ Kf8 26. Qb4+ 1-0

[Event "*** Titled Tuesday Blitz"]
[Site "Chess.com"]
[Date "2018.11.06"]
[Round "2"]
[White "Alohamora11"]
[Black "moro182"]
[Result "0-1"]
[WhiteElo "2308"]
[BlackElo "2723"]
[TimeControl "180+2"]
[EndTime "13:18:29 PST"]
[Termination "moro182 won by resignation"]

1. e4 e5 2. Nf3 Nc6 3. d4 exd4 4. Nxd4 Bc5 5. Nb3 Bb6 6. Nc3 Nf6 7. Qe2 O-O 8. Be3 Re8 9. f3 d5 10. O-O-O d4 11. Nb5 Nxe4 12. N5xd4 Nd6 13. Qd2 Rxe3 14. Qxe3 Nf5 15. Qf4 Ncxd4 16. Nxd4 Bxd4 17. c3 Be3+ 18. Qxe3 Qxd1+ 19. Kxd1 Nxe3+ 20. Ke2 Nxf1 21. Rxf1 Be6 22.
Rd1 Re8 23. Kd3 Rd8+ 24. Ke2 0-1

[Event "*** Titled Tuesday Blitz"]
[Site "Chess.com"]
[Date "2018.11.06"]
[Round "2"]
[White "dragosceres"]
[Black "DiogenesSinopeus"]
[Result "0-1"]
[WhiteElo "2405"]
[BlackElo "2427"]
[TimeControl "180+2"]
[EndTime "13:18:32 PST"]
[Termination "DiogenesSinopeus won by resignation"]

1. e4 e5 2. Nf3 Nc6 3. Bc4 Nf6 4. d3 Be7 5. O-O O-O 6. a4 d6 7.
c3 Kh8 8. h3 Ng8 9. d4 f5 10.
exf5 e4 11. Nfd2 d5 12. Be2 Bxf5 13. Re1 Bh4 14. Nf1 Bxh3 15. gxh3 Bxf2+ 16. Kg2 Qf6 17. Nh2 Bxe1 18. Qxe1 Nh6 19. Bxh6 Qxh6 20. Ng4 Qf4 21. Qg3 Qc1 22. c4 Qxb2 23. Qc3 Qxe2+ 0-1

[Event "*** Titled Tuesday Blitz"]
[Site "Chess.com"]
[Date "2018.11.06"]
[Round "2"]
[White "VladDobrov"]
[Black "ohusbands"]
[Result "1-0"]
[WhiteElo "2722"]
[BlackElo "2523"]
[TimeControl "180+2"]
[EndTime "13:18:44 PST"]
[Termination "VladDobrov won by resignation"]

1. d4 Nf6 2. c4 e6 3. Nf3 d5 4. Nc3 dxc4 5. e4 Bb4 6. Bxc4 Nxe4 7. O-O Nxc3 8. bxc3 Be7 9. Ne5 O-O 10. Qg4 Nd7 11. Bh6 Bf6 12. Rae1 c5 13. Re3 Kh8 14. Bf4 cxd4 15.
cxd4 g6 16. Rh3 Nb6 17. Bd3 Qe7 18. Bxg6 1-0

[Event "*** Titled Tuesday Blitz"]
[Site "Chess.com"]
[Date "2018.11.06"]
[Round "2"]
[White "burbur555"]
[Black "dretch"]
[Result "0-1"]
[WhiteElo "2530"]
[BlackElo "2780"]
[TimeControl "180+2"]
[EndTime "13:18:45 PST"]
[Termination "dretch won by resignation"]

1. d4 d5 2. Nf3 Nf6 3. g3 Bf5 4. c4 c6 5. Nc3 dxc4 6. Bg2 g6 7. Ne5 Be6 8. O-O Bg7 9. e3 Nbd7 10. f4 O-O 11. Qe2 Nxe5 12. fxe5 Nd5 13. e4 Nb4 14.
Be3 Qa5 15. a3 Nd3 16. b4 Qc7 17. Rad1 b5 18. Qc2 a5 19. d5 Qxe5 20. Ne2 cxd5 21.
Bd4 Qg5 22. Bxg7 Kxg7 23. Nf4 dxe4 24. Bxe4 Nxf4 25. Rxf4 Rad8 26. Rxd8 Rxd8 27. Qc3+ Kg8 28. bxa5 Rd1+ 29. Rf1 Qc5+ 30. Kg2 Bh3+ 31. Kxh3 Rxf1 32. a6 Qh5+ 33. Kg2 Qe2+ 0-1

[Event "*** Titled Tuesday Blitz"]
[Site "Chess.com"]
[Date "2018.11.06"]
[Round "2"]
[White "murmah2003"]
[Black "woodhy"]
[Result "1-0"]
[WhiteElo "2516"]
[BlackElo "2432"]
[TimeControl "180+2"]
[EndTime "13:18:50 PST"]
[Termination "murmah2003 won by resignation"]

1. d4 e6 2. c4 Nf6 3. Nf3 b6 4. g3 Bb7 5. Bg2 Be7 6. O-O O-O 7. Re1 d5 8. cxd5 exd5 9. Bf4 Na6 10. Nc3 c5 11.
Rc1 Ne4 12. Ne5 Re8 13. dxc5 Naxc5 14. Nb5 Bf6 15. Nd3 Ne6 16. Nc7 Nxc7 17. Rxc7 Ba6 18. Qa4 Bxd3 19. exd3 Nc5 20. Rxe8+ Qxe8 21. Qxe8+ Rxe8 22.
Bxd5 Ne6 23. Rxa7 Nxf4 24. Bxf7+ Kf8 25. Bxe8 Nxd3 26. Bb5 Nxb2 27. Rd7 h6 28. a4 Be5 29. Kf1 Bf6 30. Ke2 Be7 31. Kd2 Bf6 32. Kc2 h5 33. f4 Kg8 34. Rd6 1-0

[Event "*** Titled Tuesday Blitz"]
[Site "Chess.com"]
[Date "2018.11.06"]
[Round "2"]
[White "BillForster"]
[Black "FearNoEvil12"]
[Result "0-1"]
[WhiteElo "1702"]
[BlackElo "1946"]
[TimeControl "180+2"]
[EndTime "13:18:50 PST"]
[Termination "FearNoEvil12 won by checkmate"]

1. d4 b5 2. e4 a6 3. Bd3 Bb7 4. f4 e6 5. Nf3 c5 6. c3 Qb6 7. Be3 Nf6 8. Nbd2 Nc6 9. dxc5 Bxc5 10. Bxc5 Qxc5 11. Qe2 O-O-O 12. O-O-O d5 13. e5 Nd7 14.
Kb1 Nb6 15. Rc1 Nc4 16. Nd4 Nxd4 17. cxd4 Qxd4 18. Nb3 Qxf4 19. Nc5 Kb8 20. b3 Na3+ 21. Kb2 Qd4+ 22. Kxa3 b4+ 23. Ka4 Bc6+ 24. Ka5 Kc7 25.
Bxa6 Ra8 26. Nb7 Qb6# 0-1

[Event "*** Titled Tuesday Blitz"]
[Site "Chess.com"]
[Date "2018.11.06"]
[Round "2"]
[White "Caterpiller35"]
[Black "1random"]
[Result "0-1"]
[WhiteElo "2273"]
[BlackElo "2468"]
[TimeControl "180+2"]
[EndTime "13:18:58 PST"]
[Termination "1random won by checkmate"]

1. d4 Nf6 2. Bg5 c5 3. d5 Ne4 4. Bf4 Qb6 5. Qc1 e6 6. f3 Qa5+ 7. c3 Nf6 8. dxe6 fxe6 9. e4 d5 10.
e5 Nfd7 11. Bd3 Nc6 12. Bg3 Ndxe5 13. Bc2 Be7 14. Qe3 Nd4 15. Qxe5 Nxc2+ 16. Kd1 Nxa1 17. Qxg7 Rf8 18. Qxh7 Qxa2 19. Qg6+ Rf7 20. Ne2 Qb3+ 21. Kc1 e5 22. Nd2 Qa4 23. Bxe5 Bf5 24. Qg8+ Rf8 25.
Qxd5 Qc2# 0-1

[Event "*** Titled Tuesday Blitz"]
[Site "Chess.com"]
[Date "2018.11.06"]
[Round "2"]
[White "ChainsOfFantasia"]
[Black "sergoy"]
[Result "0-1"]
[WhiteElo "2338"]
[BlackElo "2749"]
[TimeControl "180+2"]
[EndTime "13:19:09 PST"]
[Termination "sergoy won by checkmate"]

1. d4 Nf6 2. c4 e6 3. Nf3 b6 4. a3 Ba6 5. Qc2 Bb7 6. Nc3 c5 7. e4 cxd4 8. Nxd4 Bc5 9. Nb3 Nc6 10. Qe2 d6 11. Be3 O-O 12. g3 Rc8 13. Nxc5 bxc5 14.
Rd1 e5 15. Bh3 Rb8 16. O-O Nd4 17. Bxd4 cxd4 18. Nd5 Bxd5 19. exd5 a5 20. Qc2 Qb6 21. Rb1 e4 22. b4 d3 23. Qc3 Rfe8 24. Bg2 h6 25. h3 Rec8 26. bxa5 Qxb1 27. Rxb1 Rxb1+ 28. Kh2 Rd1 29. a6 Ra8 30. Qb3 Ra1 31. Qb7 d2 32. Qxa8+ Kh7 33. Qc8 d1=Q 34. Qf5+ g6 35. Qxf6 Qg1# 0-1

[Event "*** Titled Tuesday Blitz"]
[Site "Chess.com"]
[Date "2018.11.06"]
[Round "2"]
[White "poummba"]
[Black "GhostOfGreenval"]
[Result "1/2-1/2"]
[WhiteElo "2405"]
[BlackElo "2697"]
[TimeControl "180+2"]
[EndTime "13:19:13 PST"]
[Termination "Game drawn by agreement"]

1. d4 Nf6 2. c4 e6 3. g3 c5 4.
Nf3 cxd4 5. Nxd4 d5 6. Bg2 e5 7. Nf3 d4 8. O-O Nc6 9. e3 Be7 10. exd4 exd4 11. Bf4 O-O 12. Nbd2 Be6 13. Ne5 Nxe5 14.
Bxe5 Ng4 15. Nf3 Bxc4 16. Re1 d3 17. h3 Nxe5 18. Nxe5 Ba6 19. Qb3 Rc8 20. Bd5 Qb6 21. Qxb6 axb6 22. Nxf7 d2 23. Rxe7 Rc1+ 24. Kh2 d1=Q 25.
Nh6+ Kh8 26. Nf7+ Kg8 27. Nh6+ 1/2-1/2

[Event "*** Titled Tuesday Blitz"]
[Site "Chess.com"]
[Date "2018.11.06"]
[Round "2"]
[White "pulvettd"]
[Black "Manukyan_Artak"]
[Result "1-0"]
[WhiteElo "2521"]
[BlackElo "2421"]
[TimeControl "180+2"]
[EndTime "13:19:14 PST"]
[Termination "pulvettd won by resignation"]

1. d4 d5 2. c4 dxc4 3. e3 e5 4. Bxc4 exd4 5. exd4 Nf6 6. Nf3 Be7 7. O-O O-O 8. h3 a6 9. a4 Nc6 10. Nc3 Bf5 11. d5 Nb4 12. Nd4 Bg6 13. Qf3 Bc5 14. Nf5 Nc2 15. Rb1 Nd4 16. Nxd4 Bxb1 17. Ne6 fxe6 18.
dxe6 Qe7 19. Nxb1 c6 20. Nc3 Nd5 21. Nxd5 cxd5 22. Qxd5 Rxf2 23. Rxf2 Rf8 24. Bg5 Bxf2+ 25. Kh1 Rf6 26. Qd7 Bc5 27. Qc8+ Rf8 28. Bxe7 Rxc8 29. Bxc5 1-0

[Event "*** Titled Tuesday Blitz"]
[Site "Chess.com"]
[Date "2018.11.06"]
[Round "2"]
[White "JSMastropiero"]
[Black "nubair1198"]
[Result "0-1"]
[WhiteElo "2296"]
[BlackElo "2532"]
[TimeControl "180+2"]
[EndTime "13:19:18 PST"]
[Termination "nubair1198 won by resignation"]

1. d4 Nf6 2. Nf3 c6 3. c4 d5 4. Qc2 dxc4 5. e4 b5 6. b3 cxb3 7. axb3 e6 8. Bd3 a5 9. O-O Na6 10. Qxc6+ Bd7 11. Qc3 Nb4 12. Bg5 Rc8 13. Qd2 Be7 14.
Nc3 Qb6 15. e5 Nxd3 16. Qxd3 b4 17. exf6 gxf6 18. Bd2 bxc3 19. Bxc3 Bb5 20. Qe3 Bxf1 21. Rxf1 Qxb3 22. Rc1 Ba3 23. Bb2 Rxc1+ 24. Bxc1 Qd1+ 0-1

[Event "*** Titled Tuesday Blitz"]
[Site "Chess.com"]
[Date "2018.11.06"]
[Round "2"]
[White "Gr3egor"]
[Black "mc4chess"]
[Result "0-1"]
[WhiteElo "2468"]
[BlackElo "2493"]
[TimeControl "180+2"]
[EndTime "13:19:24 PST"]
[Termination "mc4chess won by resignation"]

1. d4 Nf6 2. c4 e5 3. dxe5 Ng4 4. e4 Nxe5 5. f4 Ng6 6. Nf3 Nc6 7. Be3 Bb4+ 8. Nbd2 Qe7 9. Bd3 f5 10. O-O O-O 11. a3 Bc5 12. Qe2 Nxf4 13. Qf2 Nxd3 14. Bxc5 Qxc5 15. Qxc5 Nxc5 16. exf5 Rxf5 17. Rae1 Ne6 18. b4 d6 19. Re3 Bd7 20. Rfe1 Ned4 21. Re4 Nxf3+ 22. Nxf3 a6 23. h3 h6 24. Kh2 Rf7 25. Rd1 Bf5 26. Re3 Re7 27. Rxe7 Nxe7 28. Rd2 Nc6 29. Kg3 Re8 30. b5 axb5 31. cxb5 Ne5 32.
Nxe5 Rxe5 33. a4 b6 34. h4 Rc5 35. Ra2 Be6 36. Ra3 g6 37. Kf3 Bd5+ 38. Kg3 Rc2 39. Kf4 Bxg2 40. a5 bxa5 41. Rxa5 Kf7 42. Ra7 Kf6 43. Kg3 Be4 44. Kf4 Bd5 45. Ke3 Rc5 46. Kd4 Bc4 47. b6 cxb6 48. Rd7 Be6 49. Rxd6 Rd5+ 50.
Rxd5 Bxd5 51. Kxd5 Kf5 52. Kc6 Kg4 53. Kxb6 Kxh4 54.
Kc5 Kg3 55. Kd5 h5 56. Ke4 h4 57. Ke5 h3 58. Kf6 h2 59. Kxg6 h1=Q 60. Kf5 Qd5+ 61.
Kf6 Kf4 62. Ke7 Qc6 63. Kf7 Qd6 64. Ke8 Qc7 65. Kf8 Kf5 66. Ke8 Kf6 0-1